 Dungeon Crawl Stone Soup version 0.32-a0-391-gce5c0aab1b (webtiles) character file.

Game seed: 13099559100547089903

8624 ytrimaz the Prestidigitator (level 11, -2/77 HPs)
             Began as a Coglin Fighter on Feb 19, 2024.
             Was an Elder of Okawaru.
             Slain by a gnoll
             ... wielding a +0 spear
             ... led by a gnoll sergeant
              (7 damage)
             ... on level 9 of the Dungeon.
             The game lasted 00:11:43 (8372 turns).

ytrimaz the Prestidigitator (Coglin Fighter)        Turns: 8372, Time: 00:11:43

Health: -2/77      AC: 18    Str: 23    XL:     11   Next: 33%
Magic:  10/16      EV: 13    Int:  5    God:    Okawaru [****..]
Gold:   395        SH:  0    Dex: 14    Spells: 10/10 levels left

rFire   + + +        E - +2 broad axe {Harkiran}
rCold   + . .        e - +0 mace (protect) {Haruki}
rNeg    . . .        B - +0 ring mail {rF+}
rPois   +            (helmet restricted)
rElec   .            u - +0 cloak
rCorr   .            (no gloves)
SInv    +            C - +0 pair of boots
Will    .....        v - amulet of regeneration
Stlth   ++           p - ring of Eternal Night {rPois rF+ rC+ Str+3 Int-3 SInv}
HPRegen 1.12/turn    D - ring of protection from fire
MPRegen 0.15/turn

%: no passive effects
@: heroic, finesse-ful, under a protective aura, hasted, revved, stiff-legged,
very slow
A: off-hand wielding, slow wielding, warmup strikes, warmup strides, antennae 1,
iridescent scales 1, fire resistance 1
a: Renounce Religion, Heroism, Finesse


You were on level 9 of the Dungeon.
You worshipped Okawaru.
Okawaru was greatly pleased with you.
You visited 2 branches of the dungeon, and saw 10 of its levels.
You also visited: Ossuary and Bailey.

You collected 479 gold pieces.
You spent 84 gold pieces at shops.


Innate Abilities, Weirdness & Mutations

You can wield a second weapon in your off-hand.
It takes a long time for you to wield or remove held weapons.
Your first few attacks do less damage.
Your first movements take longer.
You have a pair of small antennae on your head.
You are partially covered in iridescent scales. (AC +2)
Your flesh is heat resistant. (rF+)


   Skills:
 - Level 4.0(9.0) Fighting
 + Level 11.3(16.3) Axes
 - Level 3.8(8.8) Armour
 - Level 2.1(7.1) Shields
 - Level 7.0 Invocations
 + Level 12.3 Evocations


You had 10 spell levels left.
You didn't know any spells.
Your spell library contained the following spells:

 Spells                   Type           Power      Damage    Failure   Level
 Manifold Assault         Tloc           0%         N/A       100%        4
 Dispersal                Tloc           0%         N/A       100%        6
 Orb of Destruction       Conj           0%         9d5       100%        7
 Disjunction              Tloc           0%         N/A       100%        8
 Summon Blazeheart Golem  Fire/Summ      Unusable   N/A       N/A         4
 Spellforged Servitor     Conj/Summ      Unusable   N/A       N/A         7

Inventory:

Hand Weapons
 a - a +0 war axe {Armando}
 e - a +0 mace of protection (worn) {Haruki}
   (You found it on level 1 of the Dungeon)
 E - a +2 broad axe (weapon) {Harkiran}
   (You took it off an orc warrior on level 8 of the Dungeon)
Armour
 b - a +0 scale mail
 c - a +0 buckler
 u - a +0 cloak (worn)
   (You found it on level 6 of the Dungeon)
 B - a +0 ring mail of fire resistance (worn)
   (You took it off an orc priest on level 8 of the Dungeon)
 C - a +0 pair of boots (worn)
   (You found it on level 8 of the Dungeon)
Jewellery
 p - the ring of Eternal Night (left grasper) {rPois rF+ rC+ Str+3 Int-3 SInv}
   (You found it in a bailey)

   [ring of protection from fire]

   Str+3:     It affects your strength (+3).
   Int-3:     It affects your intelligence (-3).
   rF+:       It protects you from fire.
   rC+:       It protects you from cold.
   rPois:     It protects you from poison SInv: It lets you see invisible.
 v - an amulet of regeneration (around neck)
   (You took it off a goblin on level 7 of the Dungeon)
 D - a ring of protection from fire (right grasper)
   (You took it off a wight on level 8 of the Dungeon)
Wands
 g - a wand of paralysis (3) (quivered)
   (You found it on level 4 of the Dungeon)
 j - a wand of iceblast (1)
   (You found it on level 3 of the Dungeon)
 m - a wand of flame (23)
   (You found it on level 4 of the Dungeon)
 z - a wand of mindburst (5)
   (You took it off an orc on level 8 of the Dungeon)
Scrolls
 h - 4 scrolls of fog
 l - 3 scrolls of teleportation
 n - 4 scrolls of identify
 q - a scroll of vulnerability
 s - a scroll of noise
 t - a scroll of torment
 x - a scroll of enchant weapon
 y - 2 scrolls of revelation
 A - a scroll of blinking
Potions
 d - a potion of might
 f - 4 potions of lignification
 i - 6 potions of curing
 o - a potion of haste
 r - a potion of mutation
 F - a potion of magic {unknown}
Miscellaneous
 w - a lightning rod (4/4)
   (You found it in a bailey)

Dungeon Overview and Level Annotations

Branches:
Dungeon (9/15) Zot: 26982  Temple (1/1) D:4 Zot: 5959 Ossuary (visited)
 Bailey (visited)
   Lair: D:8-11         Orc: D:9-12

Altars:
Ashenzari
Cheibriados
Dithmenos
Gozag
Hepliaklqana
Kikubaaqudgha
Makhleb
Nemelex Xobeh
Okawaru
Qazlal
Ru
Sif Muna
Trog
Uskayaw
Vehumet
Wu Jian
Xom
Zin
The Shining One

Shops:
D:2 (=!**   D:3 =

Annotations:
Temple 2 transporters

##############
##.....<.......
##...).)........
#..gg)@).9......
......Yg)).......
.....g...........
..g..............
.................
........$.......!
................
##...###########


You could see a yak, a gargoyle, a gnoll sergeant and 4 gnolls.


Message History

You slash the orc wizard with your +2 broad axe!
You kill the orc wizard!
Okawaru accepts your kill.
You hit the orc warrior with your +2 broad axe.
You completely miss the yak with your +2 broad axe.
Your base Axes skill increases to level 11! 😮 HP[+1] Unknown command.
Unknown command.
You sock the yak with your +0 mace of protection!
You kill the yak!
Okawaru accepts your kill.
You hit the yak with your +2 broad axe.
You hit the orc warrior with your +2 broad axe.
A gnoll comes into view. It is wielding a +0 spear.
The yak gores you but does no damage. The gnoll barely misses you.
The orc warrior hits you with a +0 scimitar!
* * * LOW HITPOINT WARNING * * *
😨 HP[-8]
You take 8 damage, and now have 38/77 hp.
Unknown command.
Unknown command.
You slash the yak with your +2 broad axe!
You closely miss the yak with your +2 broad axe.
You hit the yak with your +2 broad axe.
You slash the orc warrior with your +2 broad axe!
You hit the yak with your +0 mace of protection.
Unknown command.
You closely miss the yak with your +2 broad axe.
You slash the orc warrior with your +2 broad axe!
You kill the orc warrior!
Okawaru accepts your kill.
You slash the yak with your +2 broad axe!
You kill the yak!
Okawaru accepts your kill.
You slash the yak with your +2 broad axe!
You hit the yak but do no damage. The yak gores you but does no damage.
The yak gores you.
* * * LOW HITPOINT WARNING * * *
The gnoll hits you but does no damage.
Your Evocations skill increases to level 12! 😨 HP[-2]
You take 2 damage, and now have 36/77 hp.
Unknown command.
You slice the two-headed ogre with your +2 broad axe!!
You barely miss the orc with your +2 broad axe.
You slash the kobold with your +2 broad axe!
You kill the kobold!
Okawaru accepts your kill.
You barely miss the yak with your +2 broad axe.
You slash the yak with your +2 broad axe!
You hit the two-headed ogre but do no damage.
Unknown command.
You slash the two-headed ogre with your +2 broad axe!
You hit the yak with your +2 broad axe.
You barely miss the yak with your +2 broad axe.
You hit the orc with your +2 broad axe.
You thump the two-headed ogre with your +0 mace of protection! 😨 HP[+1] Unknown command.
You barely miss the two-headed ogre with your +2 broad axe.
You slash the orc with your +2 broad axe!
You kill the orc!
Okawaru accepts your kill.
You slash the yak with your +2 broad axe! x2
You hit the two-headed ogre with your +0 mace of protection.
The gnoll sergeant hits you but does no damage.
The yak misses you.
The two-headed ogre hits you with a +0 dire flail of holy wrath!
* * * LOW HITPOINT WARNING * * *
The two-headed ogre hits you with a +0 dire flail!!
* * * LOW HITPOINT WARNING * * *
The gnoll barely misses you.
The yak gores you but does no damage. 😱 HP[-25]
You take 25 damage, and now have 12/77 hp.
MASSIVE DAMAGE!! (PAUSE) Unknown command.
You hit the two-headed ogre with your +0 mace of protection.
You slash the two-headed ogre with your +2 broad axe!
You kill the two-headed ogre!
Okawaru accepts your kill.
You slice the gnoll with your +2 broad axe!!
You kill the gnoll!
Okawaru accepts your kill.
You barely miss the yak with your +2 broad axe.
You slash the yak with your +2 broad axe!
You kill the yak!
Okawaru accepts your kill.
Unknown command.
Unknown command.
Unknown command.
Aiming: Paralyse
Press: ? - help, Q - select action, (/) - cycle Shift-Dir - straight line, f - gargoyle
Aim: a gargoyle, wielding a +0 mace (chance to affect: 58%)
The gargoyle resists with significant effort.
The gnoll sergeant hits you from afar with a +0 trident!
* * * LOW HITPOINT WARNING * * *
The yak gores you but does no damage.
The gnoll hits you from afar with a +0 spear!
You die...

Skill      XL: |  1  2  3  4  5  6  7  8  9 10 11 |
---------------+----------------------------------+-----
Axes           | 3 4 5 6 7 8 10 11 | 11.3
Evocations     | 2 4 6 8 11 12 | 12.3
Armour         | 3 |  3.8
Fighting       | 4 |  4.0
Invocations    | 1 4 6 7 |  7.0
Shields        | |  2.1

Action                     |  1- 3 |  4- 6 |  7- 9 | 10-12 || total
---------------------------+-------+-------+-------+-------++-------
  Melee: War axe           |    70 |   107 |   321 |   103 ||   601
         Mace              |    27 |   102 |   322 |   123 ||   574
         Broad axe         |       |       |       |    18 ||    18
 Invoke: Heroism           |       |       |     1 |     5 ||     6
         Finesse           |       |       |       |     1 ||     1
  Evoke: Wand              |       |       |    12 |    15 ||    27
    Use: Scroll            |       |     9 |     6 |     3 ||    18
         Potion            |       |     2 |     1 |     5 ||     8
   Stab: Paralysed         |       |       |    14 |       ||    14
         Invisible         |       |       |       |     6 ||     6
 Armour: Scale mail        |    76 |   114 |   400 |   127 ||   717
         Ring mail         |       |       |       |    84 ||    84
  Dodge: Dodged            |    41 |    57 |   258 |   118 ||   474
  Block: Buckler           |     3 |       |       |       ||     3

Levels and vault maps discovered:
D:1:      dpeg_arrival_connections, layout_loops_corners
D:2:      layout_loops_ring, basic_ecumenical_altar, serial_shops,
          nicolae_diamond_shop, nicolae_shop_real_fake_doors, shop,
          nicolae_shop_waterfront, shop, lightli_corner_chamber
D:3:      layout_basic, nicolae_kikubaaqudgha_miasma_corner, serial_shops,
          nicolae_shop_gaudy_bauble, minmay_misc_feat_five
D:4:      old_forge, layout_loops_corners, nicolae_qazlal_style_of_elements,
          mainiacjoe_overflow_24_doors, kennysheep_mini_moat,
          nicolae_dithmenos_the_darkroom, minmay_temple_entry_mist
D:5:      layout_gridville, nicolae_ossuary_entry_ruins
D:6:      layout_rooms, mainiacjoe_overflow_surrounded_room, minmay_misc_feat_x,
          chequers_jeans
D:7:      layout_basic, enter_bailey_3, minmay_strange_pillars,
          uniq_prince_ribbit1
D:8:      layout_rooms, mainiacjoe_overflow_chevrons,
          nicolae_overflow_crystal_walls, worms_lemuel
D:9:      layout_cross, nicolae_yredelemnul_corpse_copse, marbit_many_paths,
          uniq_jeremiah, uniq_maurice
Temple:   hellmonk_temple_divided_pantheon

Notes
Turn   | Place    | Note
-------+----------+-------------------------------------------
     0 | D:1      | ytrimaz the Coglin Fighter began the quest for the Orb.
     0 | D:1      | Reached XP level 1. HP: 18/18 MP: 1/1
     0 | D:1      | magus.rc [v1.9.6]
   105 | D:1      | Reached XP level 2. HP: 24/24 MP: 2/2
   134 | D:1      | Reached skill level 3 in Axes
   303 | D:1      | Reached XP level 3. HP: 29/29 MP: 3/3
   804 | D:1      | Reached skill level 4 in Axes
   944 | D:2      | Reached XP level 4. HP: 35/35 MP: 4/4
  1084 | D:2      | Found Guzxua Diub's Distillery.
  1102 | D:2      | Bought a potion of curing for 42 gold pieces
  1132 | D:2      | Found a faded altar of an unknown god.
  1158 | D:2      | Reached skill level 5 in Axes
  1158 | D:2      | Reached XP level 5. HP: 34/41 MP: 5/5
  1200 | D:2      | Found Nauxedd's Jewellery Boutique.
  1235 | D:2      | Found Ylontaeza's Antique Weapon Boutique.
  1338 | D:2      | Gained mutation: You are partially covered in iridescent
                  | scales. (AC +2) [potion of mutation]
  1338 | D:2      | Gained mutation: You have hidden genetic potential. [potion
                  | of mutation]
  1463 | D:2      | Found Cahyshamn's General Store.
  1477 | D:2      | Bought a scroll of identify for 20 gold pieces
  1577 | D:2      | Found Xaaris's General Store.
  1580 | D:2      | Bought a scroll of identify for 22 gold pieces
  1681 | D:3      | Found an ancient bone altar of Kikubaaqudgha.
  1719 | D:3      | Found Ymoram's Jewellery Shop.
  1859 | D:3      | HP: 6/41 [burnt (5)]
  1860 | D:3      | HP: 1/41 [burnt (6)]
  2034 | D:3      | You pick up a book of the Warp and begin reading...
  2034 | D:3      | You add the spells Manifold Assault, Dispersal and
                  | Disjunction to your library.
  2649 | D:4      | Found a shadowy altar of Dithmenos.
  2665 | D:4      | Reached skill level 6 in Axes
  2665 | D:4      | Reached XP level 6. HP: 14/47 MP: 6/6
  2670 | D:4      | HP: 10/47 [ribbon worm (3)]
  2674 | D:4      | Gained mutation: You have a pair of small antennae on your
                  | head. [hidden potential]
  2839 | D:4      | Reached skill level 1 in Evocations
  2931 | D:4      | Found a shimmering altar of Xom.
  2956 | D:4      | Found a staircase to the Ecumenical Temple.
  2960 | D:4      | Reached skill level 3 in Armour
  2971 | Temple   | Found a transporter.
  2971 | Temple   | Found a transporter.
  2971 | Temple   | Found a transporter.
  2971 | Temple   | Found a transporter.
  2971 | Temple   | Entered the Ecumenical Temple
  2989 | Temple   | Became a worshipper of Warmaster Okawaru
  3043 | D:4      | Found a sparkling altar of Nemelex Xobeh.
  3123 | D:4      | Reached skill level 2 in Evocations
  3472 | D:4      | Reached XP level 7. HP: 49/52 MP: 7/7
  3522 | D:4      | Found a stormy altar of Qazlal.
  3523 | D:4      | Noticed an air elemental
  3524 | D:4      | Noticed a fire elemental
  3524 | D:4      | Noticed a water elemental
  3635 | D:4      | Gained mutation: Your flesh is heat resistant. (rF+)
                  | [hidden potential]
  3635 | D:4      | Lost mutation: You have hidden genetic potential. [hidden
                  | potential expressed]
  3645 | D:4      | Reached skill level 3 in Evocations
  3693 | D:4      | Reached skill level 4 in Fighting
  3697 | D:4      | Reached * piety under Okawaru
  3864 | D:5      | Entered Level 5 of the Dungeon
  3903 | D:5      | Reached skill level 1 in Invocations
  3907 | D:5      | Reached skill level 4 in Evocations
  3910 | D:5      | Reached XP level 8. HP: 36/60 MP: 5/9
  4062 | D:5      | Reached skill level 2 in Invocations
  4131 | D:5      | Reached skill level 7 in Axes
  4188 | D:5      | Found a sand-covered staircase.
  4209 | Ossuary  | Entered an ossuary
  4280 | Ossuary  | Reached skill level 5 in Evocations
  4350 | Ossuary  | Reached skill level 3 in Invocations
  4370 | Ossuary  | Reached ** piety under Okawaru
  4536 | Ossuary  | Reached skill level 4 in Invocations
  4545 | Ossuary  | Reached skill level 6 in Evocations
  4638 | D:5      | Reached XP level 9. HP: 38/65 MP: 12/12
  5343 | D:6      | Reached skill level 8 in Axes
  5381 | D:6      | Reached skill level 5 in Invocations
  5989 | D:6      | Found a hide-covered altar of Uskayaw.
  6099 | D:7      | Reached skill level 7 in Evocations
  6113 | D:7      | Reached *** piety under Okawaru
  6175 | D:7      | Found a flagged portal.
  6182 | Bailey   | Entered a bailey
  6374 | Bailey   | Reached skill level 6 in Invocations
  6464 | Bailey   | Found a roughly hewn altar of Beogh.
  6464 | Bailey   | Noticed an orc knight
  6464 | Bailey   | Noticed an orc knight
  6491 | Bailey   | Reached skill level 8 in Evocations
  6509 | Bailey   | Reached XP level 10. HP: 57/71 MP: 14/14
  6723 | Bailey   | Killed an orc knight
  6724 | Bailey   | Reached skill level 9 in Axes
  6724 | Bailey   | Reached skill level 7 in Invocations
  6772 | Bailey   | Killed an orc knight
  6772 | Bailey   | Reached **** piety under Okawaru
  6773 | Bailey   | Reached skill level 9 in Evocations
  6781 | Bailey   | Identified the ring of Eternal Night {rPois rF+ rC+ Str+3
                  | Int-3 SInv}
  7141 | D:7      | Noticed Prince Ribbit
  7174 | D:7      | Killed Prince Ribbit
  7561 | D:8      | Noticed a cyan ugly thing
  7607 | D:8      | Reached skill level 10 in Evocations
  7626 | D:8      | HP: 6/71 [orc priest/divine providence (16)]
  7630 | D:8      | Reached skill level 10 in Axes
  7854 | D:8      | Found a bloodstained altar of Trog.
  8045 | D:8      | Killed a cyan ugly thing
  8046 | D:8      | Reached skill level 11 in Evocations
  8051 | D:8      | Reached XP level 11. HP: 61/77 MP: 16/16
  8069 | D:8      | You pick up a book of Dangerous Friends and begin
                  | reading...
  8097 | D:8      | Found a glowing golden altar of the Shining One.
  8357 | D:9      | Noticed a two-headed ogre
  8365 | D:9      | Reached skill level 11 in Axes
  8368 | D:9      | Reached skill level 12 in Evocations
  8370 | D:9      | HP: 12/77 [two-headed ogre/+0 dire flail of holy wrath
                  | (18)]
  8371 | D:9      | Killed a two-headed ogre
  8372 | D:9      | HP: 5/77 [gnoll sergeant/+0 trident (8)]
  8372 | D:9      | Slain by a gnoll

Vanquished Creatures
  A two-headed ogre (D:9)
  2 orc knights (Bailey)
  An ugly thing (D:8)
  A troll (D:8)
  Prince Ribbit (D:7)
  5 yaks (D:9)
  2 swamp worms (D:8)
  5 ice beasts
  2 black bears
  12 orc warriors
  2 kobold brigands
  5 bullfrogs
  3 elf zombies (Ossuary)
  A gnoll sergeant (D:7)
  7 scorpions
  5 jellies
  4 wights (D:8)
  10 killer bees
  2 bombardier beetles
  A centaur zombie (Ossuary)
  3 human zombies (Ossuary)
  2 hounds
  9 orc priests
  A sleepcap (D:4)
  A spectral scorpion (Ossuary)
  2 iguanas
  4 orc wizards
  2 crocodile zombies (Ossuary)
  6 spectral hounds (Ossuary)
  A scorpion simulacrum (Ossuary)
  2 mummies (Ossuary)
  14 adders
  10 gnolls
  4 hound simulacra (Ossuary)
  2 shadow imps
  4 white imps
  4 ufetubi (D:6)
  2 spectral adders (Ossuary)
  2 ribbon worms
  2 spectral gnolls (Ossuary)
  3 dart slugs
  4 adder simulacra (Ossuary)
  38 orcs
  6 ball pythons
  3 endoplasms
  3 giant cockroaches
  6 gnoll zombies (Ossuary)
  15 goblins
  5 hobgoblins
  6 jackals
  19 kobolds
  4 quokkas
  12 bats
  8 frilled lizards
  A gnoll simulacrum (Ossuary)
  A jackal simulacrum (Ossuary)
  5 kobold zombies (Ossuary)
  5 orc zombies (Ossuary)
  5 rats
  A spectral jackal (Ossuary)
299 creatures vanquished.

Table legend:
 A = Non-vault XP
 B = Vault XP
 C = Vault XP percentage of total XP
 D = Non-vault monster count
 E = Vault monster count
 F = Vault count percentage of total count
                 A         B        C        D         E       F
            +---------+---------+-------+---------+---------+-------
      Total |    7749 |    4571 |  37.1 |     203 |      96 |  32.1
            +---------+---------+-------+---------+---------+-------
        D:1 |      80 |       0 |   0.0 |      30 |       0 |   0.0
        D:2 |     122 |       0 |   0.0 |      18 |       0 |   0.0
        D:3 |     102 |       0 |   0.0 |      16 |       0 |   0.0
        D:4 |     317 |     369 |  53.8 |      27 |      13 |  32.5
        D:5 |     823 |       0 |   0.0 |      24 |       0 |   0.0
        D:6 |     443 |       0 |   0.0 |      16 |       0 |   0.0
        D:7 |    1109 |     295 |  21.0 |      25 |       5 |  16.7
        D:8 |    2544 |     319 |  11.1 |      30 |       2 |   6.2
        D:9 |    2209 |       0 |   0.0 |      17 |       0 |   0.0
    Ossuary |       0 |     903 | 100.0 |       0 |      50 | 100.0
     Bailey |       0 |    2685 | 100.0 |       0 |      26 | 100.0
            +---------+---------+-------+---------+---------+-------

Skill      XL: |  1  2  3  4  5  6  7  8  9 10 11 |
---------------+----------------------------------+-----
Axes           | 3 4 5 6 7 8 10 11 | 11.3
Evocations     | 2 4 6 8 11 12 | 12.3
Armour         | 3 |  3.8
Fighting       | 4 |  4.0
Invocations    | 1 4 6 7 |  7.0
Shields        | |  2.1

Action                     |  1- 3 |  4- 6 |  7- 9 | 10-12 || total
---------------------------+-------+-------+-------+-------++-------
  Melee: War axe           |    70 |   107 |   321 |   103 ||   601
         Mace              |    27 |   102 |   322 |   123 ||   574
         Broad axe         |       |       |       |    18 ||    18
 Invoke: Heroism           |       |       |     1 |     5 ||     6
         Finesse           |       |       |       |     1 ||     1
  Evoke: Wand              |       |       |    12 |    15 ||    27
    Use: Scroll            |       |     9 |     6 |     3 ||    18
         Potion            |       |     2 |     1 |     5 ||     8
   Stab: Paralysed         |       |       |    14 |       ||    14
         Invisible         |       |       |       |     6 ||     6
 Armour: Scale mail        |    76 |   114 |   400 |   127 ||   717
         Ring mail         |       |       |       |    84 ||    84
  Dodge: Dodged            |    41 |    57 |   258 |   118 ||   474
  Block: Buckler           |     3 |       |       |       ||     3

Illustrated notes

Table legend:
 A = Kills in this place as a percentage of kills in the entire game.
 B = Kills by you in this place as a percentage of kills by you in the entire game.
 C = Kills by friends in this place as a percentage of kills by friends in the entire game.
 D = Other kills in this place as a percentage of other kills in the entire game.
 E = Experience gained in this place as a percentage of experience gained in the entire game.
 F = Experience gained in this place divided by the number of levels of this place that you have seen.
                   A       B       C       D       E      F
               +-------+-------+-------+-------+-------+----------------------
         Total | 100.0 | 100.0 |   N/A |   N/A | 100.0 | 1026.7
       Dungeon |  74.6 |  74.6 |   N/A |   N/A |  70.9 | 970.2
       Ossuary |  16.7 |  16.7 |   N/A |   N/A |   7.3 | 903.0
        Bailey |   8.7 |   8.7 |   N/A |   N/A |  21.8 | 2685.0
               +-------+-------+-------+-------+-------+----------------------

Table legend: (Time is in decaauts)
 A = Elapsed time spent in this place.
 B = Non-inter-level travel time spent in this place.
 C = Inter-level travel time spent in this place.
 D = Time resting spent in this place.
 E = Time spent auto-exploring this place.
 F = Levels seen in this place.
 G = Mean time per level.
                   A        B        C        D        E       F      G
               +--------+--------+--------+--------+--------+-----+--------+
         Total |   8980 |   8738 |    242 |     33 |   6456 |  12 |  748.3 |
       Dungeon |   7787 |   7563 |    224 |      4 |   5997 |   9 |  865.2 |
        Temple |     40 |     22 |     18 |      0 |      0 |   1 |   40.0 |
       Ossuary |    421 |    421 |      0 |      0 |    111 |   1 |  421.0 |
        Bailey |    731 |    731 |      0 |     29 |    347 |   1 |  731.0 |
               +--------+--------+--------+--------+--------+-----+--------+

Top non-repeatable levels by time:
     D:4: 1280 daAuts
     D:5: 1134 daAuts
     D:1: 1019 daAuts
     D:3: 996 daAuts
     D:7: 969 daAuts
     D:8: 811 daAuts
     D:2: 782 daAuts
     D:6: 776 daAuts
  Bailey: 731 daAuts
 Ossuary: 421 daAuts
  Temple: 40 daAuts
     D:9: 17 daAuts
